AoeStats
← yduggal

Nomad

507915344Analyzed
3v3 RM · 11d ago on Sep 20, 2026· 42m 6s· 6 players
Game mode
Random Map
Map size
210×210
Population
200
Speed
Normal
Resources
Standard
Victory
Conquest
Starting age
Dark Age
Ending age
Imperial Age
RankedLock teamsTeams togetherTeam positionsShared explorationLock speedFull tech treeHidden civsTurbo modeCheats
Victory
Defeat
🇺🇸 Magyars · United States
1587
+6
🇮🇳 Celts · India
1414
+12
🇮🇳 Malay · India
1226
+19
🇹🇼 Spanish · Taiwan
1398
-15
🇨🇳 Vietnamese · China
1301
-11
🇭🇰 Huns · Hong Kong SAR China
1286
-11
Veritas of the Dark
3:10 Loom
12:44 Feudal Age
13:17 Double-Bit Axe
17:50 Castle Age
18:45 Bow Saw
24:20 Husbandry
24:58 Wheelbarrow
24:28 Horse Collar
27:19 Fletching
28:53 Bloodlines
29:35 Padded Archer Armor
33:00 Fervor
33:54 Heavy Plow
33:54 Bodkin Arrow
36:37 Hand Cart
36:08 Town Watch
37:44 Leather Archer Armor
41:17 Imperial Age
40:42 Gold Mining
40:43 Stone Mining
42:44 Conscription
Steve
3:39 Loom
15:45 Feudal Age
20:49 Castle Age
19:32 Double-Bit Axe
20:02 Gold Mining
20:25 Bloodlines
20:39 Fletching
21:29 Bodkin Arrow
22:34 Town Watch
27:58 Wheelbarrow
27:38 Husbandry
29:01 Ballistics
33:45 Thumb Ring
42:28 Gold Shaft Mining
iiiiice
13:24 Feudal Age
13:57 Double-Bit Axe
21:40 Castle Age
19:28 Loom
22:16 Fletching
22:43 Bow Saw
30:29 Bodkin Arrow
31:51 Padded Archer Armor
35:16 Wheelbarrow
38:31 Gold Mining
kaar
4:34 Loom
13:51 Feudal Age
14:56 Double-Bit Axe
19:14 Wheelbarrow
22:48 Castle Age
22:09 Fletching
22:47 Bodkin Arrow
23:09 Bow Saw
24:52 Padded Archer Armor
25:13 Elite Skirmisher
28:12 Leather Archer Armor
28:21 Town Watch
38:14 Fishing Lines
39:29 Horse Collar
40:21 Ballistics
44:16 Imperial Age
jAi
4:29 Loom
12:52 Feudal Age
13:19 Double-Bit Axe
20:47 Castle Age
20:23 Wheelbarrow
21:55 Bow Saw
22:12 Medium Warships
23:14 Fishing Lines
25:01 Town Watch
25:57 Horse Collar
26:41 Heavy Plow
27:50 Scale Mail Armor
28:59 Forging
30:03 Chain Mail Armor
32:12 Iron Casting
37:41 Imperial Age
37:10 Gold Mining
37:25 Padded Archer Armor
37:18 Fletching
38:53 Conscription
38:47 Arson
40:20 Plate Mail Armor
41:04 Blast Furnace
40:09 Elite Woad Raider
yduggal
3:48 Loom
13:25 Feudal Age
15:26 Fishing Lines
20:49 Castle Age
18:43 Horse Collar
20:26 Double-Bit Axe
20:50 Scale Barding Armor
21:32 Bloodlines
21:17 Light Cavalry
22:26 Bow Saw
25:01 Husbandry
29:57 Fletching
34:05 Wheelbarrow
34:54 Gillnets
36:56 Bodkin Arrow
38:31 Chain Barding Armor
Connection lost

Rejoining the realm…

Still unreachable

The connection could not be restored.

Session expired

The server has moved on; the page needs a fresh start.